 Dungeon Sprint DCSS version 0.25-a0-502-g6516661 (webtiles) character file.

Game seed: 9750913555514205250, levelgen mode: deterministic

67592 Faca the Slayer (level 14, 0/155 HPs)
             Began as a Minotaur Fighter on Feb 12, 2020.
             Was the Champion of Okawaru.
             Slain by a manticore (7 damage)
             ... summoned by Kirke
             ... in the Dungeon (Sprint IX: "|||||||||||||||||||||||||||||").
             The game lasted 00:15:42 (5183 turns).

Faca the Slayer (Minotaur Fighter)                  Turns: 5183, Time: 00:15:43

Health: 0/155      AC:  0    Str: 25    XL:     14   Next: 83%
Magic:  19/20      EV: 24    Int:  5    God:    Okawaru [******]
Gold:   674        SH:  0    Dex: 11    Spells: 13/13 levels left

rFire    . . .     SeeInvis .     - Unarmed
rCold    . . .     Gourm    .   (shield currently unavailable)
rNeg     . . .     Faith    .   (armour currently unavailable)
rPois    .         Spirit   .   (helmet currently unavailable)
rElec    .         Reflect  .   (cloak currently unavailable)
rCorr    .         Harm     .   (gloves currently unavailable)
MR       +....     NoTele   +   (boots currently unavailable)
Stlth    +++.......             (no amulet)
HPRegen  0.35/turn              (ring currently unavailable)
MPRegen  0.17/turn              (ring currently unavailable)

@: pig-form, heroism, slowed
A: small, (retaliatory headbutt)
a: Heroism, Finesse, Renounce Religion


You were in the Dungeon.
You worshipped Okawaru.
Okawaru was exalted by your worship.
You were not hungry.
You were a filthy swine.
You visited 1 branch You collected 1873 gold pieces.
You spent 1199 gold pieces at shops.

Inventory:

Hand Weapons
 q - a +2 scimitar of electrocution
 u - a +4 scimitar of flaming (melded)
 E - the +3 falchion of Terror {holy, +Fly Int+7 SInv Stlth-}
   (You bought it in a shop in the Dungeon)

   It has been blessed by the Shining One to cause great damage to the undead
   and demons.
   It affects your intelligence (+7).
   It lets you see invisible.
   It lets you fly.
   It makes you less stealthy.
Missiles
 b - 12 javelins (quivered)
 J - 4 throwing nets
 K - 9 silver javelins
Armour
 a - a +0 plate armour (melded)
 c - a +0 kite shield (melded)
 y - a +1 hat of intelligence (melded)
 B - a +2 cloak of invisibility
 G - a +1 chain mail of magic resistance
 L - a +1 pair of gloves of strength (melded)
 M - a +1 cloak of poison resistance (melded)
Jewellery
 s - a +2 ring of protection (melded)
 C - an uncursed ring of poison resistance
 F - a ring of protection from cold (melded)
Wands
 o - a wand of iceblast (10)
 p - a wand of enslavement (8)
 A - a wand of clouds (4)
Scrolls
 k - 5 scrolls of blinking
 m - 7 scrolls of remove curse
 n - 2 scrolls of amnesia
 r - a scroll of magic mapping
 z - 4 scrolls of fear
 D - a scroll of immolation
 H - 2 scrolls of enchant weapon
 I - 2 scrolls of fog
Potions
 d - 3 potions of might
 e - 5 potions of curing
 h - 2 potions of haste
 i - 4 potions of magic
 j - a potion of berserk rage
 l - a potion of invisibility
 v - a potion of agility
 w - a potion of brilliance
 x - a potion of resistance
Comestibles
 f - 11 rations


   Skills:
 + Level 22.3(27) Fighting
 + Level 22.3(27) Long Blades
 + Level 15.9(20.9) Throwing
 + Level 19.6(24.6) Armour
 + Level 12.0(17.0) Dodging
 + Level 19.7(24.7) Shields
 - Level 10.0 Invocations


You had 13 spell levels left.
You didn't know any spells.
Your spell library was empty.

Dungeon Overview and Level Annotations

Branches:
Dungeon (1/1)

Altars:
Cheibriados
Dithmenos
Elyvilon
Fedhas
Gozag
Hepliaklqana
Kikubaaqudgha
Makhleb
Nemelex Xobeh
Okawaru
Qazlal
Ru
Sif Muna
Trog
Uskayaw
Vehumet
Wu Jian
Xom
Yredelemnul
Zin
The Shining One
Beogh
Jiyva
Lugonu

Shops:
D *(*(

Annotations:
D Kirke


Innate Abilities, Weirdness & Mutations

((You reflexively headbutt those who attack you in melee.))
((You have a pair of horns on your head.))


Message History

The manticore barely misses you.
You closely miss Kirke.
Kirke is almost dead.
Kirke hits you!
* * * LOW HITPOINT WARNING * * *
The manticore barely misses you. The manticore claws you.
* * * LOW HITPOINT WARNING * * *
The manticore misses you.
You hit Kirke.
Kirke is almost dead.
Kirke mumbles some strange words.
Nothing appears to happen.
The manticore bites you!!
* * * LOW HITPOINT WARNING * * *
The manticore closely misses you. x2
You feel much better. Kirke hits you.
* * * LOW HITPOINT WARNING * * *
The manticore bites you!
* * * LOW HITPOINT WARNING * * *
The manticore claws you!
You die...

,,,,,,,,,,,,,,,,,,,,,,,,,,,,,,,,,
*********************************
,,+,,,,,,,,,,,,,+,,,,,,,,,,,,,+,,
*********************************
,,,,,,,,,,,,,,,,,,,,,,,,,,,,,,,,,
*********************************
,,,,,,,,+,,,,,,,,,,,,,,,,,,,,,,,,
▓▓▓▓▓▓▓▓▓▓▓▓▓▓▓▓▓▓▓▓▓▓▓▓*********
...............Hh@hhh...,,,,,,,,,
▓▓▓▓▓▓▓▓▓▓▓▓▓▓▓▓▓▓▓▓▓▓▓▓▓▓▓▓▓▓▓▓▓
.......'.......)[()()(().)).)+..)
▓▓▓▓▓▓▓▓▓▓▓▓▓▓▓▓▓▓▓▓▓▓▓▓▓▓▓▓▓▓▓▓▓
.................................
▓▓▓▓▓▓▓▓▓▓▓♣♣♣♣♣♣♣♣♣♣▓▓▓▓▓▓▓▓▓▓▓▓
..........'..†..†).††..=).))(((..
▓▓▓▓▓▓▓▓▓▓▓♣♣♣♣♣♣♣♣♣♣▓▓▓▓▓▓▓▓▓▓▓▓
.................................


You could see Kirke, a manticore and 3 hogs.

Vanquished Creatures
  A lich (D)
  A quicksilver dragon (D)
  Gastronok (D)
  2 vault wardens (D)
  3 ironheart preservers (D)
  2 very ugly things (D)
  4 stone giants (D)
  An ettin (D)
  Josephine (D)
  4 yaktaur captains (D)
  3 great orbs of eyes (D)
  A merfolk impaler (D)
  A hydra (D)
  7 ogre magi (D)
  Erolcha (D)
  An ice dragon (D)
  2 naga warriors (D)
  6 rakshasas (D)
  Harold (D)
  A ghost crab (D)
  Erica (D)
  A centaur warrior (D)
  A deep troll shaman (D)
  A merfolk aquamancer (D)
  7 two-headed ogres (D)
  A deep troll earth mage (D)
  Urug (D)
  A shock serpent (D)
  A naga sharpshooter (D)
  An unseen horror (shapeshifter) (D)
  An unseen horror (D)
  2 glowing orange brains (D)
  An orc knight (D)
  A naga ritualist (D)
  A harpy (D)
  A manticore (D)
  2 wolf spiders (D)
  2 cyclopes (D)
  4 ugly things (D)
  A salamander (D)
  A black mamba (D)
  Joseph (D)
  2 naga magi (D)
  2 vault sentinels (D)
  An elephant (D)
  6 spiny frogs (D)
  A rime drake (D)
  3 yaktaurs (D)
  A troll (shapeshifter) (D)
  A troll (D)
  2 wind drakes (D)
  A merfolk (D)
  2 bog bodies (D)
  2 hippogriffs (D)
  A jumping spider (D)
  A snapping turtle (D)
  2 blink frogs (D)
  A slime creature (D)
  5 redbacks (D)
  3 wraiths (D)
  2 tarantellas (D)
  2 hogs (D)
  3 yaks (D)
  2 vampire mosquitoes (D)
  An insubstantial wisp (D)
  2 acid dragons (D)
  2 porcupines (D)
  11 orc warriors (D)
  A phantom (D)
  5 ogres (D)
  An eye of draining (D)
  A boggart (D)
  4 crocodiles (D)
  A wolf (D)
  4 bullfrogs (D)
  A scorpion (D)
  A jelly (D)
  5 orc wizards (D)
  3 orc priests (D)
  An iguana (D)
  A worker ant (D)
  A shadow imp (D)
  An adder skeleton (D)
  10 orcs (D)
  A goblin (D)
  A jackal (D)
  2 bats (D)
  2 rats (D)
187 creatures vanquished.

Vanquished Creatures (others)
  A spriggan druid (D)
  A swamp drake (D)
2 creatures vanquished.

Grand Total: 189 creatures vanquished

Notes
Turn   | Place    | Note
-------+----------+-------------------------------------------
     0 | D        | Faca the Minotaur Fighter began the quest for the Orb.
     0 | D        | Reached XP level 1. HP: 19/19 MP: 0/0
    17 | D        | Noticed an orc wizard
    17 | D        | Noticed an ogre
    21 | D        | Killed an ogre
    21 | D        | Reached XP level 2. HP: 35/35 MP: 1/1
    21 | D        | Reached XP level 3. HP: 40/40 MP: 2/2
    21 | D        | Reached XP level 4. HP: 48/48 MP: 3/3
    40 | D        | Found a roughly hewn altar of Beogh.
    40 | D        | Found a snail-covered altar of Cheibriados.
    40 | D        | Found a shadowy altar of Dithmenos.
    40 | D        | Found a white marble altar of Elyvilon.
    40 | D        | Found a blossoming altar of Fedhas.
    40 | D        | Found an opulent altar of Gozag.
    41 | D        | Found a hazy altar of Hepliaklqana.
    42 | D        | Found a viscous altar of Jiyva.
    43 | D        | Found an ancient bone altar of Kikubaaqudgha.
    44 | D        | Found a corrupted altar of Lugonu.
    45 | D        | Found a burning altar of Makhleb.
    46 | D        | Found a sparkling altar of Nemelex Xobeh.
    47 | D        | Found an iron altar of Okawaru.
    48 | D        | Found a stormy altar of Qazlal.
    49 | D        | Found a sacrificial altar of Ru.
    50 | D        | Found a shimmering blue altar of Sif Muna.
    51 | D        | Found a bloodstained altar of Trog.
    52 | D        | Found a hide-covered altar of Uskayaw.
    53 | D        | Found a radiant altar of Vehumet.
    54 | D        | Found an ornate altar of the Wu Jian Council.
    55 | D        | Found a shimmering altar of Xom.
    56 | D        | Found a basalt altar of Yredelemnul.
    59 | D        | Became a worshipper of Warmaster Okawaru
    62 | D        | Found a glowing silver altar of Zin.
    63 | D        | Found a glowing golden altar of the Shining One.
   112 | D        | Noticed a troll
   112 | D        | Noticed a yak
   112 | D        | Noticed a phantom
   114 | D        | Reached XP level 5. HP: 56/57 MP: 4/4
   116 | D        | Reached skill level 10 in Fighting
   121 | D        | Killed a yak
   121 | D        | Reached * piety under Okawaru
   121 | D        | Reached XP level 6. HP: 52/68 MP: 5/5
   125 | D        | Killed a troll
   125 | D        | Reached XP level 7. HP: 38/78 MP: 6/6
   132 | D        | Reached ** piety under Okawaru
   355 | D        | Noticed a two-headed ogre
   355 | D        | Noticed a cyan ugly thing
   360 | D        | Killed a cyan ugly thing
   360 | D        | Reached *** piety under Okawaru
   360 | D        | Reached XP level 8. HP: 62/90 MP: 0/7
   366 | D        | Killed a two-headed ogre
   366 | D        | Reached skill level 15 in Fighting
   366 | D        | Reached skill level 15 in Long Blades
   369 | D        | Reached **** piety under Okawaru
   375 | D        | Received a gift from Okawaru
   672 | D        | Noticed Erica
   681 | D        | Killed Erica
   681 | D        | Reached ***** piety under Okawaru
   681 | D        | Reached XP level 9. HP: 69/102 MP: 8/8
   847 | D        | Noticed Joseph
   859 | D        | Killed Joseph
   995 | D        | Noticed a spiny frog
  1000 | D        | Noticed an elephant
  1002 | D        | Noticed a seven-headed hydra
  1016 | D        | Killed a spiny frog
  1021 | D        | Killed an elephant
  1021 | D        | Received a gift from Okawaru
  1021 | D        | Reached XP level 10. HP: 80/114 MP: 9/9
  1026 | D        | Killed a four-headed hydra
  1026 | D        | Reached skill level 5 in Armour
  1026 | D        | Reached skill level 5 in Shields
  1197 | D        | Noticed a spiny frog
  1211 | D        | Killed a spiny frog
  1432 | D        | Noticed a spiny frog
  1432 | D        | Noticed a spiny frog
  1432 | D        | Noticed a spiny frog
  1433 | D        | Killed a spiny frog
  1443 | D        | Killed a spiny frog
  1446 | D        | Killed a spiny frog
  1504 | D        | Noticed Urug
  1519 | D        | Killed Urug
  1519 | D        | Reached ****** piety under Okawaru
  1519 | D        | Received a gift from Okawaru
  1519 | D        | Reached XP level 11. HP: 82/124 MP: 10/10
  1827 | D        | Noticed an orc knight
  1843 | D        | Killed an orc knight
  1849 | D        | HP: 6/124 [orc warrior/+0 halberd (27)]
  1869 | D        | Reached skill level 10 in Armour
  1869 | D        | Reached skill level 10 in Shields
  1909 | D        | Reached skill level 5 in Throwing
  2194 | D        | Found Moph's Weapon Boutique.
  2194 | D        | Noticed an ogre mage
  2194 | D        | Noticed a two-headed ogre
  2194 | D        | Noticed a two-headed ogre
  2194 | D        | Noticed a two-headed ogre
  2194 | D        | Noticed a two-headed ogre
  2198 | D        | Killed a two-headed ogre
  2202 | D        | Killed a two-headed ogre
  2207 | D        | Killed a two-headed ogre
  2209 | D        | Killed a two-headed ogre
  2212 | D        | Killed an ogre mage
  2212 | D        | Reached skill level 5 in Invocations
  2239 | D        | Noticed an ogre mage
  2242 | D        | Killed an ogre mage
  2243 | D        | Found Wierelay's Assorted Antiques.
  2549 | D        | Found Yggic's Antique Weapon Boutique.
  2552 | D        | Found Komedide's Assorted Antiques.
  2554 | D        | Noticed an ogre mage
  2554 | D        | Noticed an ogre mage
  2560 | D        | Noticed a two-headed ogre
  2563 | D        | Killed an ogre mage
  2568 | D        | Killed an ogre mage
  2572 | D        | Killed a two-headed ogre
  2572 | D        | Reached XP level 12. HP: 77/132 MP: 14/16
  2582 | D        | Bought a scroll labeled JAMYCR DUSAUPA for 26 gold pieces
  2603 | D        | Bought a scroll labeled JAMYCR DUSAUPA for 19 gold pieces
  2603 | D        | Bought an orange potion for 17 gold pieces
  2603 | D        | Bought a scroll labeled CUIZIFABOE for 19 gold pieces
  2638 | D        | Bought a steaming falchion for 208 gold pieces
  2640 | D        | Identified the +3 falchion of Terror {holy, +Fly Int+7 SInv
                  | Stlth-} (You bought it in a shop in the Dungeon)
  2648 | D        | Bought a scroll of identify for 52 gold pieces
  2648 | D        | Bought 2 scrolls of blinking for 390 gold pieces
  2648 | D        | Bought a scroll of identify for 52 gold pieces
  2795 | D        | Bought a glowing broad axe for 182 gold pieces
  2797 | D        | Bought a potion of heal wounds for 130 gold pieces
  2797 | D        | Bought a potion of might for 104 gold pieces
  2838 | D        | Noticed Erolcha
  2847 | D        | Killed Erolcha
  2847 | D        | Received a gift from Okawaru
  2906 | D        | Noticed Josephine
  2915 | D        | Killed Josephine
  2915 | D        | Received a gift from Okawaru
  3027 | D        | Noticed a rakshasa
  3027 | D        | Noticed a two-headed ogre
  3038 | D        | Noticed a great orb of eyes
  3050 | D        | Killed a two-headed ogre
  3056 | D        | Killed a rakshasa
  3056 | D        | Reached skill level 10 in Throwing
  3060 | D        | Noticed a rakshasa
  3064 | D        | Killed a great orb of eyes
  3071 | D        | Noticed a great orb of eyes
  3081 | D        | Noticed a rakshasa
  3097 | D        | Killed a rakshasa
  3099 | D        | Paralysed by a great orb of eyes for 4 turns
  3108 | D        | Killed a great orb of eyes
  3115 | D        | Killed a rakshasa
  3115 | D        | Reached skill level 10 in Invocations
  3119 | D        | Reached skill level 15 in Armour
  3119 | D        | Reached skill level 15 in Shields
  3354 | D        | Noticed Harold
  3368 | D        | Killed Harold
  3560 | D        | Noticed Gastronok
  3574 | D        | Killed Gastronok
  3685 | D        | Reached XP level 13. HP: 136/139 MP: 19/19
  3973 | D        | Noticed a merfolk impaler
  3982 | D        | Killed a merfolk impaler
  3982 | D        | Reached skill level 1 in Dodging
  3983 | D        | Received a gift from Okawaru
  4196 | D        | Reached skill level 5 in Dodging
  4289 | D        | Noticed a cyan very ugly thing
  4292 | D        | Killed a cyan very ugly thing
  4492 | D        | Noticed a stone giant
  4493 | D        | Noticed a quicksilver dragon
  4498 | D        | Killed a stone giant
  4498 | D        | Received a gift from Okawaru
  4498 | D        | Killed a quicksilver dragon
  4498 | D        | Received a gift from Okawaru
  4517 | D        | Received a gift from Okawaru
  4517 | D        | Reached XP level 14. HP: 128/151 MP: 20/20
  4525 | D        | Received a gift from Okawaru
  4689 | D        | Noticed a lich
  4698 | D        | Killed a lich
  4742 | D        | Noticed an ironheart preserver
  4749 | D        | Noticed an ironheart preserver
  4750 | D        | Reached skill level 10 in Dodging
  4751 | D        | Received a gift from Okawaru
  4755 | D        | Killed an ironheart preserver
  4755 | D        | Reached skill level 15 in Throwing
  4762 | D        | Killed an ironheart preserver
  4762 | D        | Received a gift from Okawaru
  4782 | D        | Noticed an ironheart preserver
  4783 | D        | Noticed a stone giant
  4788 | D        | Noticed a stone giant
  4792 | D        | Killed an ironheart preserver
  4798 | D        | Killed a stone giant
  4799 | D        | Noticed a vault warden
  4801 | D        | Noticed a vault warden
  4807 | D        | Noticed a stone giant
  4808 | D        | Killed a stone giant
  4812 | D        | Killed a vault warden
  4813 | D        | Noticed a red very ugly thing
  4817 | D        | Killed a vault warden
  4823 | D        | Killed a stone giant
  4834 | D        | Killed a red very ugly thing
  5146 | D        | Noticed Kirke
  5183 | D        | HP: 7/155 [manticore[Kirke] (15)]
  5183 | D        | Slain by a manticore

Levels and vault maps discovered:
D:        linesprint [early_d, line_temple, items_1, d_10, items_2, lair_1,
          lair_end, items_3, orc_1, orc_end, items_4, d_15, swamp_1, shoals_1,
          snake_1, spider_1, d_20, vaults_1, items_5, swamp_end, shoals_end,
          snake_end, spider_end, vaults_end, d_27, items_6, zot_1, zot_end,
          crypt_end, forest_end, elf_end, slime_end, tomb_end, abyss_end,
          pan_hell_end]

Skill      XL: |  1  2  3  4  5  6  7  8  9 10 11 12 13 14 |
---------------+-------------------------------------------+-----
Fighting       | 8 9 11 12 14 17 18 19 21 22 | 22.3
Long Blades    | 7 9 11 12 14 16 18 19 20 22 | 22.3
Armour         | 9 12 15 17 19 | 19.6
Shields        | 9 12 15 18 19 | 19.7
Throwing       | 2 8 12 14 15 | 15.9
Invocations    | 6 10 | 10.0
Dodging        | 8 12 | 12.0

Action                   |  1- 3 |  4- 6 |  7- 9 | 10-12 | 13-15 || total
-------------------------+-------+-------+-------+-------+-------++-------
Melee: Long sword        |    11 |    12 |       |       |       ||    23
       Headbutt          |     1 |     4 |    17 |    78 |    49 ||   149
       Scimitar          |       |    11 |    63 |   280 |   184 ||   538
       Unarmed           |       |       |       |       |    25 ||    25
Throw: Javelin           |       |       |       |       |    27 ||    27
Invok: Heroism           |       |       |       |     4 |     6 ||    10
  Use: Potion            |       |       |       |     5 |     8 ||    13
       Scroll            |       |       |       |     4 |       ||     4
  Eat: Chunk             |       |       |       |     8 |     6 ||    14
Armor: Scale mail        |     4 |     6 |    13 |     9 |       ||    32
       Plate armour      |       |       |       |    50 |    61 ||   111
Dodge: Dodged            |     1 |     8 |     9 |    34 |    68 ||   120
Block: Kite shield       |     5 |     6 |    13 |    85 |    84 ||   193
       Rpst.: Long sword |       |     1 |       |       |       ||     1
       Scimitar          |       |       |     2 |     6 |     8 ||    16

Table legend:
 A = Non-vault XP
 B = Vault XP
 C = Vault XP percentage of total XP
 D = Non-vault monster count
 E = Vault monster count
 F = Vault count percentage of total count
                 A         B        C        D         E       F
            +---------+---------+-------+---------+---------+-------
      Total |       0 |   96560 | 100.0 |       0 |     188 | 100.0
            +---------+---------+-------+---------+---------+-------
          D |       0 |   96560 | 100.0 |       0 |     188 | 100.0
            +---------+---------+-------+---------+---------+-------
